[Event "Titled Tuesday Blitz January 31 Early 2023"]
[White "Ciuffoletti, Paolo"]
[Black "Sanchez, Robert"]
[WhiteFideId "807630"]
[BlackFideId "2034360"]
[WhiteElo "2106"]
[BlackElo "1966"]
[Result "0-1"]
[Round "06"]
[TimeControl "180+2"]
[Date "2023.01.31"]
[WhiteClock "0:00:04"]
[BlackClock "0:00:13"]

1. e4 d5 2. exd5 Qxd5 3. Nc3 Qe6+ 4. Be2 Qg6 5. Nf3 Qxg2 6. Rg1 Qh3 7. d4 c6 8. Bf4 g6 9. Be5 Nf6 10. Bc4 h6 11. Qd3 Bf5 12. Qe2 Nbd7 13. O-O-O Bg7 14. Bg3 Nb6 15. Bb3 a5 16. Ne5 O-O 17. Nxf7 Kh7 18. a4 Nbd5 19. Nxd5 cxd5 20. Qxe7 Rae8 21. Qxb7 Rb8 22. Bxb8 Rc8 23. Bg3 Qh5 24. Ne5 Qe2 25. Rd2 Qe4 26. f3 Qe3 27. Re1 Qg5 28. Nd3 Nh5 29. f4 Qg4 30. Ne5 Qh3 31. Bxd5 Nxg3 32. hxg3 Qxg3 33. Bb3 Qxe1+ 34. Rd1 Qe3+ 35. Kb1 Qxf4 36. Nd3 Qxd4 37. Re1 Bxd3 38. cxd3 Qxb2# 0-1


[Site "https://www.chess.com"]

[Event "Titled Tuesday Blitz January 31 Early 2023"]
[White "Kostiukov, Alexandr"]
[Black "Zampronha, Wladimir Camilo"]
[WhiteFideId "14108100"]
[BlackFideId "2103087"]
[WhiteElo "2271"]
[BlackElo "2176"]
[Result "0-1"]
[Round "06"]
[TimeControl "180+2"]
[Date "2023.01.31"]
[WhiteClock "0:00:12"]
[BlackClock "0:00:27"]

1. g3 Nf6 2. Bg2 e6 3. d3 d5 4. e4 dxe4 5. dxe4 Qxd1+ 6. Kxd1 Bc5 7. f3 O-O 8. Nd2 Rd8 9. c3 b6 10. Kc2 Ba6 11. Bf1 Bxf1 12. Nxf1 Nc6 13. Be3 Bxe3 14. Nxe3 Ne5 15. h3 Rd3 16. Re1 Rad8 17. Re2 Nh5 18. f4 Nxg3 19. fxe5 Nxe2 20. Nc4 Rd1 21. Nxe2 Rxh1 22. Nd4 Rxd4 23. cxd4 Rxh3 24. d5 Kf8 25. d6 cxd6 26. exd6 Ke8 27. Ne5 f6 28. Nc6 Kd7 29. Nxa7 Kxd6 30. Nb5+ Kc5 31. Nc3 Rxc3+ 32. Kxc3 h5 33. b4+ Kc6 34. Kc4 h4 35. b5+ Kc7 36. a4 h3 0-1


[Site "https://www.chess.com"]

[Event "Titled Tuesday Blitz January 31 Early 2023"]
[White "Hrbek, Stepan"]
[Black "Krzywda, Andrzej"]
[WhiteFideId "393479"]
[BlackFideId "1114565"]
[WhiteElo "2306"]
[BlackElo "2223"]
[Result "0-1"]
[Round "06"]
[TimeControl "180+2"]
[Date "2023.01.31"]
[WhiteClock "0:00:01"]
[BlackClock "0:00:11"]

1. e4 c5 2. Nf3 Nc6 3. Bb5 g6 4. O-O Bg7 5. Re1 Nf6 6. e5 Nd5 7. Nc3 Nc7 8. Bxc6 dxc6 9. h3 Ne6 10. d3 h6 11. Be3 Nd4 12. Bf4 Be6 13. Nxd4 cxd4 14. Ne4 Qd5 15. Nd2 g5 16. Bg3 O-O-O 17. b4 Kb8 18. a4 Ka8 19. Nc4 Qd7 20. Na5 Qc7 21. Qd2 Rd5 22. Nc4 Rd7 23. Na5 Rd5 24. Nb3 Bxe5 25. Bxe5 Rxe5 26. Nxd4 Bc8 27. a5 Rd8 28. Nb3 h5 29. Qc3 Red5 30. Nc5 h4 31. Re4 f5 32. Re6 Rxc5 33. Qxc5 Bxe6 34. Re1 Bd5 35. Rxe7 Qf4 36. Re3 g4 37. Qe7 Rb8 38. Qxh4 Qd6 39. hxg4 fxg4 40. c3 a6 41. d4 Rg8 42. Qh5 Qf8 43. Qe5 Rh8 44. Rh3 Rxh3 45. gxh3 gxh3 46. Qg5 Qh8 47. Kh2 Bg2 48. f4 Ka7 49. Qc5+ Ka8 50. Qg5 Qe8 51. f5 Qb8+ 52. Kg1 Qd6 53. f6 Qe6 0-1


[Site "https://www.chess.com"]

[Event "Titled Tuesday Blitz January 31 Early 2023"]
[White "Vasques, Antonio Pedro Freixial"]
[Black "ritanovikova"]
[WhiteFideId "1908332"]
[WhiteElo "2214"]
[BlackElo "2206"]
[Result "1-0"]
[Round "06"]
[TimeControl "180+2"]
[Date "2023.01.31"]
[WhiteClock "0:00:25"]
[BlackClock "0:00:07"]

1. e4 d5 2. exd5 Qxd5 3. Nc3 Qd6 4. Bc4 Nf6 5. d3 Bf5 6. Nf3 c6 7. Bg5 e6 8. Qe2 Be7 9. O-O-O Nbd7 10. Kb1 O-O-O 11. Bh4 Qc7 12. Ne4 Nb6 13. Bb3 Nxe4 14. dxe4 Bg4 15. Bg3 Bd6 16. e5 Bxf3 17. Qxf3 Bc5 18. h4 Bd4 19. c3 Bc5 20. h5 h6 21. Qg4 Rhg8 22. f4 Nd5 23. Qf3 Ne3 24. Rxd8+ Rxd8 25. Bf2 Qb6 26. Bxe3 Bxe3 27. f5 Kb8 28. fxe6 fxe6 29. Bxe6 Rd2 30. Qf8+ Rd8 31. Qe7 a6 32. Bb3 a5 33. Rd1 Rxd1+ 34. Bxd1 Bc5 35. Qd7 Ba3 36. Bb3 a4 37. bxa3 axb3 38. Qd6+ Ka8 39. Qd4 c5 40. Qa4+ Kb8 41. Qxb3 Qe6 42. Qxe6 1-0


[Site "https://www.chess.com"]

[Event "Titled Tuesday Blitz January 31 Early 2023"]
[White "Ardila, Oscar Humberto"]
[Black "Kirillov, Dmitry"]
[WhiteFideId "4404742"]
[BlackFideId "34180572"]
[WhiteElo "1982"]
[BlackElo "2179"]
[Result "0-1"]
[Round "06"]
[TimeControl "180+2"]
[Date "2023.01.31"]
[WhiteClock "0:00:01"]
[BlackClock "0:00:03"]

1. d4 d5 2. c4 e6 3. Nc3 Bb4 4. Bd2 dxc4 5. Qa4+ Nc6 6. e3 Bd7 7. Qc2 Bxc3 8. Qxc3 b5 9. a4 a6 10. Nf3 Nf6 11. Qc2 Nd5 12. Be2 O-O 13. O-O Nb6 14. axb5 axb5 15. b3 e5 16. dxe5 Be6 17. bxc4 Nxc4 18. Bc3 b4 19. Bd4 b3 20. Qc3 b2 21. Rxa8 Qxa8 22. Bxc4 Rb8 23. Bd3 Rb3 24. Qc2 Nb4 25. Bxh7+ Kh8 26. Qb1 Bd5 27. Nd2 Ra3 28. Qxb2 Kxh7 29. Qxb4 Bxg2 30. Qb1+ Kg8 31. Re1 Ra6 32. Nf1 Be4 33. Qc1 Rg6+ 34. Ng3 Bf5 35. Qc5 Bh3 36. e4 Qa2 37. Qc3 Qe6 38. Qf3 Bg4 39. Qf4 Bh3 40. Qh4 Rh6 41. Qd8+ Kh7 42. Qg5 Rg6 43. Qh4+ Rh6 44. Qf4 Rg6 45. Be3 Rh6 46. Qg5 Rg6 47. Qh4+ Kg8 48. f4 Qb3 0-1


[Site "https://www.chess.com"]

[Event "Titled Tuesday Blitz January 31 Early 2023"]
[White "Silvestre, Christian"]
[Black "Kornyukov, Alexey"]
[WhiteFideId "30956269"]
[BlackFideId "4150457"]
[WhiteElo "1942"]
[BlackElo "2452"]
[Result "0-1"]
[Round "06"]
[TimeControl "180+2"]
[Date "2023.01.31"]
[WhiteClock "0:00:03"]
[BlackClock "0:00:14"]

1. d4 d5 2. Nf3 Nf6 3. Bf4 e6 4. e3 Bd6 5. Bd3 Bxf4 6. exf4 O-O 7. Ne5 c5 8. c3 c4 9. Bc2 Nc6 10. h4 Ne4 11. Nd2 Nxd2 12. Qxd2 f6 13. Nf3 Re8 14. O-O-O b5 15. Kb1 a5 16. h5 b4 17. h6 Qb6 18. Ka1 g6 19. Rde1 f5 20. g4 fxg4 21. Ne5 Nxe5 22. Rxe5 a4 23. cxb4 a3 24. b3 Rb8 25. bxc4 dxc4 26. b5 Bb7 27. Rhe1 Bd5 28. Rg5 Qxb5 29. Rb1 Qc6 30. Qe3 Rxb1+ 31. Bxb1 Qb5 32. Qxa3 Rb8 33. Qc1 c3 34. Bc2 Qa5 35. Bb1 Rb2 36. Re5 Rxa2+ 37. Bxa2 Qxa2# 0-1


[Site "https://www.chess.com"]

[Event "Titled Tuesday Blitz January 31 Early 2023"]
[White "Jiganchine, Roman"]
[Black "Cramling Bellon, Anna"]
[WhiteFideId "2603667"]
[BlackFideId "32009232"]
[WhiteElo "2205"]
[BlackElo "2043"]
[Result "1/2-1/2"]
[Round "06"]
[TimeControl "180+2"]
[Date "2023.01.31"]
[WhiteClock "0:00:10"]
[BlackClock "0:00:02"]

1. e4 c5 2. Nf3 e6 3. g3 Nc6 4. Bg2 d5 5. exd5 exd5 6. O-O Nf6 7. Re1+ Be7 8. d4 cxd4 9. Nxd4 O-O 10. h3 Bc5 11. c3 Be6 12. Be3 Qb6 13. Nxc6 bxc6 14. Bxc5 Qxc5 15. Nd2 Bf5 16. Nb3 Qb6 17. Qd4 Rfe8 18. g4 Be4 19. f3 Bc2 20. Qxb6 axb6 21. Nd4 Bg6 22. a3 c5 23. Nb5 Kf8 24. Nc7 Rxe1+ 25. Rxe1 Rc8 26. Nb5 Bd3 27. a4 Bxb5 28. axb5 Re8 29. Kf2 d4 30. cxd4 cxd4 31. Rxe8+ Nxe8 32. f4 Nd6 33. Bc6 Ke7 34. Ke2 Nc4 35. Kd3 Nxb2+ 36. Kxd4 Nd1 37. Be4 Nf2 38. Bxh7 Nxh3 39. Ke3 g6 40. Kf3 Ng1+ 41. Kf2 Nh3+ 42. Kg3 Ng1 43. Kf2 Nh3+ 44. Kg3 Nxf4 45. Kxf4 Kf6 46. Bg8 g5+ 47. Ke4 Kg7 48. Kf5 Kxg8 49. Kxg5 Kf8 50. Kf6 Ke8 51. g5 Kf8 52. g6 fxg6 53. Kxg6 Ke7 54. Kf5 Kd6 55. Ke4 Kc5 56. Kd3 Kxb5 57. Kc3 Ka4 58. Kb2 b5 59. Ka2 Kb4 60. Kb2 Kc4 61. Kc2 b4 62. Kb2 b3 63. Kb1 Kb4 64. Kb2 Ka4 65. Kb1 Ka3 66. Ka1 Kb4 67. Kb2 Kc4 68. Kb1 Kc3 69. Kc1 b2+ 70. Kb1 Kb3 1/2-1/2


[Site "https://www.chess.com"]

[Event "Titled Tuesday Blitz January 31 Early 2023"]
[White "Michalski, Olaf"]
[Black "Dwilewicz, Katarzyna"]
[WhiteFideId "1106740"]
[BlackFideId "1148486"]
[WhiteElo "2273"]
[BlackElo "2115"]
[Result "0-1"]
[Round "06"]
[TimeControl "180+2"]
[Date "2023.01.31"]
[WhiteClock "0:00:03"]
[BlackClock "0:01:05"]

1. d4 g6 2. c4 Bg7 3. Nc3 d6 4. e4 e5 5. dxe5 dxe5 6. Qxd8+ Kxd8 7. Bg5+ f6 8. O-O-O+ Ke8 9. Nd5 Na6 10. Be3 c6 11. Nc3 Ne7 12. h4 Be6 13. h5 Kf7 14. f4 Rhd8 15. Rxd8 Rxd8 16. fxe5 fxe5 17. hxg6+ hxg6 18. Nf3 Bf6 19. Ng5+ Bxg5 20. Bxg5 Rd7 21. Rh7+ Kf8 22. Rh8+ Bg8 23. Bh6+ Ke8 24. Be2 Nc5 25. Bg4 Rd8 26. Bg5 Kf7 27. Rh1 Nd3+ 28. Kc2 Nb4+ 29. Kb3 Nd3 30. Rf1+ Ke8 31. Kc2 Bxc4 32. b3 Nb4+ 0-1


[Site "https://www.chess.com"]

[Event "Titled Tuesday Blitz January 31 Early 2023"]
[White "Winkels, Marcel"]
[Black "Rian, Kapriaga"]
[WhiteFideId "1003887"]
[BlackFideId "7103263"]
[WhiteElo "1960"]
[BlackElo "2089"]
[Result "0-1"]
[Round "06"]
[TimeControl "180+2"]
[Date "2023.01.31"]
[WhiteClock "0:00:06"]
[BlackClock "0:00:09"]

1. e4 c6 2. d4 d5 3. exd5 cxd5 4. Nf3 Nc6 5. Bb5 Bd7 6. Bxc6 bxc6 7. Ne5 Nf6 8. O-O e6 9. c3 c5 10. Nxd7 Qxd7 11. Be3 c4 12. b3 Rc8 13. b4 Bd6 14. Nd2 h5 15. h3 g6 16. Bg5 Nh7 17. Be3 Bb8 18. Nf3 O-O 19. Ne5 Qe7 20. b5 Nf6 21. Bg5 Kg7 22. Qf3 Rh8 23. Nc6 Qd6 24. Bxf6+ Kh7 25. Be5 Qd7 26. Nxb8 Rxb8 27. Bxb8 Rxb8 28. a4 Kg7 29. Rab1 Rb7 30. Rb2 Qc7 31. Rfb1 Qa5 32. Qd1 Qxc3 33. a5 Qxa5 34. Qe1 Qb6 35. Qe5+ f6 36. Qe3 g5 37. Re1 Kf7 38. h4 gxh4 39. Qh6 Qxd4 40. Rbe2 Re7 41. Qxh5+ Kg7 42. Qf3 e5 43. Rc2 Qc5 44. Rd1 d4 45. Qe2 c3 46. Qd3 Rb7 47. Rb1 a6 48. Rcc1 Rxb5 49. Rxb5 Qxb5 50. Qxb5 axb5 51. Kf1 b4 52. Ke2 e4 53. f3 d3+ 54. Ke3 d2 55. Rb1 c2 0-1


[Site "https://www.chess.com"]

[Event "Titled Tuesday Blitz January 31 Early 2023"]
[White "Matveeva, Olga"]
[Black "Adithya A Chullikkad"]
[WhiteFideId "24107018"]
[BlackFideId "45078734"]
[WhiteElo "2128"]
[BlackElo "2259"]
[Result "1-0"]
[Round "06"]
[TimeControl "180+2"]
[Date "2023.01.31"]
[WhiteClock "0:00:06"]
[BlackClock "0:00:35"]

1. d4 Nf6 2. c4 c6 3. Nf3 d5 4. Qb3 dxc4 5. Qxc4 Be6 6. Qc2 g6 7. Nc3 Bg7 8. g3 O-O 9. Bg2 Nbd7 10. O-O Nb6 11. e4 Qd7 12. Rd1 Rfd8 13. Ne5 Qe8 14. b3 Nfd7 15. f4 Nxe5 16. fxe5 c5 17. d5 Bxe5 18. dxe6 Rxd1+ 19. Qxd1 Bxc3 20. Rb1 fxe6 21. Be3 Rd8 22. Qe2 Bd4 23. a4 e5 24. a5 Nc8 25. Bh3 Qf7 26. Kh1 Nd6 27. Bh6 Kh8 28. Qd3 Qe8 29. Rf1 Qc6 30. Bg2 Qb5 31. Qf3 Qe8 32. Bh3 Qg8 33. Bg4 a6 34. h4 Ne8 35. Be6 Qxe6 36. Qf8+ Qg8 37. Qxg8+ Kxg8 38. Rf8# 1-0


[Site "https://www.chess.com"]

[Event "Titled Tuesday Blitz January 31 Early 2023"]
[White "Balint, Vilmos"]
[Black "kiwibobo"]
[WhiteFideId "718050"]
[WhiteElo "2169"]
[BlackElo "2040"]
[Result "0-1"]
[Round "06"]
[TimeControl "180+2"]
[Date "2023.01.31"]
[WhiteClock "0:01:13"]
[BlackClock "0:00:07"]

1. e4 e5 2. f4 exf4 3. Bc4 Qh4+ 4. Kf1 Qh6 5. d4 d6 6. Nc3 Nc6 7. Nd5 Kd8 8. Bxf4 Qg6 9. Bd3 Nxd4 10. c3 Nc6 11. Nf3 Bg4 12. Qb3 Kc8 13. Qa4 f6 14. Ba6 Bd7 15. Bb5 Ne5 16. Bxd7+ Nxd7 17. Qa5 b6 18. Qa6+ Kd8 19. Re1 Nc5 20. Qc4 Ne7 21. b4 Nxd5 22. Qxd5 Nxe4 23. Qxe4 Qxe4 24. Rxe4 Kd7 25. Kf2 g6 26. Rhe1 f5 27. R4e2 Kc6 28. Nd4+ Kb7 29. b5 Bg7 30. Re7 Bf6 31. Rf7 Rhf8 32. Rxf8 Rxf8 33. Re6 g5 34. Be3 f4 35. Bd2 Be5 36. Nc6 g4 37. Nxe5 dxe5 38. Rxe5 Rd8 39. Re6 Rxd2+ 40. Kf1 Rd1+ 41. Ke2 Rc1 42. Re4 Rc2+ 43. Kd3 Rxa2 44. Rxf4 Rxg2 45. Rf7 Rxh2 46. Rg7 h5 47. Kc4 Rh3 48. Kb4 g3 49. c4 h4 50. c5 bxc5+ 51. Kxc5 Rh2 52. Rxg3 hxg3 0-1


[Site "https://www.chess.com"]

[Event "Titled Tuesday Blitz January 31 Early 2023"]
[White "Szente Varga, Fruzsina"]
[Black "Bongo Akanga Ndjila, Barthelemy"]
[WhiteFideId "712264"]
[BlackFideId "10609431"]
[WhiteElo "2075"]
[BlackElo "1824"]
[Result "1-0"]
[Round "06"]
[TimeControl "180+2"]
[Date "2023.01.31"]
[WhiteClock "0:00:30"]
[BlackClock "0:00:09"]

1. e4 e6 2. d4 d5 3. Nd2 Nf6 4. e5 Nfd7 5. f4 c5 6. c3 Nc6 7. Ndf3 a6 8. Bd3 b5 9. Ne2 cxd4 10. cxd4 Qb6 11. O-O Bb7 12. Kh1 h6 13. f5 O-O-O 14. Bd2 Kb8 15. fxe6 fxe6 16. Nf4 Nb4 17. Ng6 Rg8 18. Nxf8 Nxd3 19. Nxd7+ Rxd7 20. Qb3 a5 21. Qxd3 b4 22. Rac1 Ba6 23. Qh7 Rf8 24. Rfe1 Rff7 25. Qg8+ Kb7 26. a3 Ka7 27. axb4 axb4 28. Ra1 g5 29. Ra4 Rg7 30. Qf8 Rgf7 31. Qxb4 Qxb4 32. Bxb4 g4 33. Ng1 Kb7 34. Rea1 Bb5 35. Ra7+ Kb8 36. Bd6+ Kc8 37. Rc1+ Kd8 38. Ra8# 1-0


[Site "https://www.chess.com"]

[Event "Titled Tuesday Blitz January 31 Early 2023"]
[White "Vaglio Munoz, Jaime"]
[Black "Kiseleva, Arina"]
[WhiteFideId "6500145"]
[BlackFideId "4164989"]
[WhiteElo "2174"]
[BlackElo "1962"]
[Result "1-0"]
[Round "06"]
[TimeControl "180+2"]
[Date "2023.01.31"]
[WhiteClock "0:00:18"]
[BlackClock "0:00:01"]

1. d4 Nf6 2. c4 e6 3. a3 c5 4. d5 exd5 5. cxd5 d6 6. f3 g6 7. e4 Bg7 8. g4 Nxe4 9. fxe4 Qh4+ 10. Kd2 Bxg4 11. Ne2 Bf3 12. Rg1 Bh6+ 13. Kc2 Bxe4+ 14. Kb3 Qxh2 15. Bxh6 Qxh6 16. Ka2 O-O 17. Nbc3 Bf3 18. Rg3 Bxe2 19. Bxe2 a6 20. Ne4 Rd8 21. Nf6+ Kg7 22. Qf1 Nd7 23. Ng4 Qh4 24. Rh3 Qg5 25. Qe1 Qxd5+ 26. b3 Re8 27. Qc3+ Ne5 28. Rd1 Qg2 29. Re3 Kf8 30. Nf6 Re6 31. Nd5 h5 32. Rd2 Qg1 33. Rd1 Qg2 34. Rd2 Qg1 35. Rg3 Qf2 36. Bxh5 Qe1 37. Re3 Qg1 38. Be2 b5 39. Rh3 b4 40. Qg3 Qxg3 41. Rxg3 bxa3 42. Kxa3 Kg7 43. Kb2 Rd8 44. Kc3 f5 45. Bxa6 Nc6 46. Bc4 Rde8 47. Rdg2 Re3+ 48. Nxe3 Rxe3+ 49. Rxe3 Ne5 50. Bd5 f4 51. Re4 g5 52. Rxg5+ Kf6 53. Rg8 f3 54. Rf4+ Ke7 55. Rg5 f2 56. Rxf2 1-0


[Site "https://www.chess.com"]

[Event "Titled Tuesday Blitz January 31 Early 2023"]
[White "Erdogmus, Yagiz Kaan"]
[Black "Hertlein, Irena"]
[WhiteFideId "44599790"]
[BlackFideId "21817618"]
[WhiteElo "2470"]
[BlackElo "1994"]
[Result "1-0"]
[Round "06"]
[TimeControl "180+2"]
[Date "2023.01.31"]
[WhiteClock "0:01:07"]
[BlackClock "0:00:04"]

1. d4 Nf6 2. c4 e6 3. g3 d5 4. Bg2 Bb4+ 5. Bd2 Be7 6. Nf3 O-O 7. O-O c6 8. Qc2 Nbd7 9. Bf4 b6 10. cxd5 cxd5 11. Nc3 Bb7 12. Rac1 Rc8 13. Qd3 Ne4 14. Nd2 f5 15. f3 Nxc3 16. bxc3 g5 17. Be3 e5 18. dxe5 Nxe5 19. Qb1 f4 20. Bd4 Ng6 21. Bh3 fxg3 22. Be6+ Rf7 23. hxg3 Qd6 24. Bxf7+ Kxf7 25. Kg2 Qe6 26. e3 h5 27. f4 gxf4 28. exf4 Nh4+ 29. Kf2 Qh3 30. Qh7+ Ke8 31. gxh4 Bxh4+ 32. Ke2 Ba6+ 33. c4 Qg2+ 34. Kd1 Bxc4 35. Qxh5+ Kd7 36. Rxc4 dxc4 37. Rg1 1-0


[Site "https://www.chess.com"]

[Event "Titled Tuesday Blitz January 31 Early 2023"]
[White "Alhadad, Mahmoud"]
[Black "Mosquera, Miguel"]
[WhiteFideId "11501863"]
[BlackFideId "4401131"]
[WhiteElo "1840"]
[BlackElo "2371"]
[Result "1/2-1/2"]
[Round "06"]
[TimeControl "180+2"]
[Date "2023.01.31"]
[WhiteClock "0:00:12"]
[BlackClock "0:00:05"]

1. e4 c5 2. Nc3 d6 3. f4 Nc6 4. Nf3 e6 5. Bb5 Bd7 6. Bxc6 Bxc6 7. d3 Be7 8. O-O d5 9. e5 Qd7 10. Ne2 Nh6 11. Be3 Nf5 12. Bf2 h5 13. Ng3 O-O-O 14. Nxf5 exf5 15. Re1 Rdg8 16. e6 fxe6 17. Qe2 d4 18. Ne5 Qd6 19. Nxc6 Qxc6 20. Qxe6+ Qxe6 21. Rxe6 Kd7 22. Rae1 Bd6 23. b4 b6 24. g3 g5 25. fxg5 Rxg5 26. Rf6 Be7 27. Rf7 Re8 28. h4 Rg6 29. Rxf5 Bxh4 30. Rxe8 Kxe8 31. Kh2 Be7 32. Rxh5 Re6 33. bxc5 bxc5 34. Rh8+ Kd7 35. Ra8 Ra6 36. g4 Rxa2 37. Kg3 a5 38. Kf3 a4 39. Bg3 a3 40. Ra7+ Ke6 41. Ra6+ Kd7 42. Bf4 c4 43. dxc4 Rxc2 44. Ra4 a2 45. Be5 Rc3+ 46. Ke4 Re3+ 47. Kxd4 Re2 48. Ra7+ Ke8 49. Kd5 Kf7 50. c5 Rxe5+ 51. Kxe5 a1=Q+ 52. Rxa1 Bf6+ 53. Kd5 Bxa1 54. c6 Ke7 55. Kc5 Kd8 56. Kb5 Be5 57. g5 Kc8 58. g6 Bg7 59. Kc5 Kb8 60. Kd5 Kc8 61. Kc5 Kc7 62. Kd5 Bf8 63. Ke6 Kxc6 64. Kf7 Bh6 65. g7 Bxg7 1/2-1/2


[Site "https://www.chess.com"]

[Event "Titled Tuesday Blitz January 31 Early 2023"]
[White "MunichMouse"]
[Black "Ruiz Aguilar, Pablo Alexander"]
[BlackFideId "4401352"]
[WhiteElo "2204"]
[BlackElo "2161"]
[Result "0-1"]
[Round "06"]
[TimeControl "180+2"]
[Date "2023.01.31"]
[WhiteClock "0:00:01"]
[BlackClock "0:00:13"]

1. d4 d5 2. c4 c6 3. Nf3 Nf6 4. e3 Bf5 5. Nc3 e6 6. Qb3 Qb6 7. c5 Qc7 8. Ne5 Nbd7 9. f4 Nxe5 10. fxe5 Ne4 11. Be2 Be7 12. O-O O-O 13. Nxe4 Bxe4 14. Bd2 b6 15. cxb6 axb6 16. Rac1 c5 17. a3 c4 18. Qb5 Qd8 19. Rf4 Bg6 20. Bb4 Bxb4 21. Qxb4 Qg5 22. Rcf1 Rfb8 23. R1f2 b5 24. Bd1 Qd8 25. h4 Ra7 26. h5 Bd3 27. R2f3 Qe7 28. Qe1 b4 29. axb4 Qxb4 30. Qg3 Be4 31. Rg4 Bxf3 32. Rxg7+ Kh8 33. Qg5 Qf8 34. h6 f6 35. exf6 Rf7 36. Bxf3 Rxb2 0-1


[Site "https://www.chess.com"]

[Event "Titled Tuesday Blitz January 31 Early 2023"]
[White "Osmonbekov, Talaibek"]
[Black "Quirke, Jeffrey"]
[WhiteFideId "2017253"]
[BlackFideId "2013029"]
[WhiteElo "2137"]
[BlackElo "2007"]
[Result "1-0"]
[Round "06"]
[TimeControl "180+2"]
[Date "2023.01.31"]
[WhiteClock "0:00:38"]
[BlackClock "0:00:37"]

1. d4 Nf6 2. Bf4 d5 3. Nc3 Bf5 4. e3 e6 5. f3 a6 6. g4 Bg6 7. h4 h6 8. h5 Bh7 9. Bd3 Bxd3 10. Qxd3 c5 11. O-O-O c4 12. Qe2 Nc6 13. e4 b5 14. exd5 Nxd5 15. Nxd5 Qxd5 16. Qe3 Be7 17. Ne2 b4 18. Be5 O-O 19. Nf4 Qa5 20. Kb1 Bg5 21. Qe4 Nxe5 22. dxe5 Bxf4 23. Qxf4 c3 24. g5 hxg5 25. Qxg5 Kh8 26. h6 1-0


[Site "https://www.chess.com"]

[Event "Titled Tuesday Blitz January 31 Early 2023"]
[White "Mesa Cruz, Juan Carlos"]
[Black "Thomas, Anysia"]
[WhiteFideId "6423400"]
[BlackFideId "670472"]
[WhiteElo "2122"]
[BlackElo "2147"]
[Result "0-1"]
[Round "06"]
[TimeControl "180+2"]
[Date "2023.01.31"]
[WhiteClock "0:00:06"]
[BlackClock "0:00:12"]

1. e4 c5 2. Nf3 g6 3. Bc4 Bg7 4. c3 e6 5. d4 cxd4 6. Nxd4 d5 7. exd5 exd5 8. Qe2+ Ne7 9. Bb5+ Bd7 10. Be3 O-O 11. Nd2 Nf5 12. Nxf5 Bxf5 13. Nf3 a6 14. Bd3 Be4 15. Rd1 Qa5 16. a3 Nc6 17. O-O Rfe8 18. Bb1 Qc7 19. Ba2 Rad8 20. Rd2 Ne5 21. Nxe5 Bxe5 22. f4 Bg7 23. Qf2 Qc6 24. Re1 Re7 25. Bd4 Bh6 26. g3 Rde8 27. Bc5 Re6 28. b4 Bg7 29. Re3 b5 30. Bb3 h5 31. Ra2 Bh6 32. a4 g5 33. axb5 axb5 34. f5 Re5 35. f6 Rf5 36. Qd2 Qxf6 37. Ra7 Rf1# 0-1


[Site "https://www.chess.com"]

[Event "Titled Tuesday Blitz January 31 Early 2023"]
[White "Hartikainen, Jarmo"]
[Black "De Souza, Cristiano Gomes"]
[WhiteFideId "503134"]
[BlackFideId "2151758"]
[WhiteElo "2108"]
[BlackElo "2018"]
[Result "1/2-1/2"]
[Round "06"]
[TimeControl "180+2"]
[Date "2023.01.31"]
[WhiteClock "0:00:22"]
[BlackClock "0:00:29"]

1. e4 c5 2. c3 d6 3. d4 Nf6 4. Bd3 Qc7 5. f3 g6 6. Be3 Bg7 7. Qd2 Nbd7 8. g4 h6 9. h4 e5 10. d5 a6 11. a4 c4 12. Be2 Rb8 13. Nh3 b5 14. axb5 axb5 15. Na3 Nc5 16. Bxc5 Qxc5 17. Nc2 Bd7 18. Qe3 Qxe3 19. Nxe3 Ke7 20. Kf2 Ra8 21. Rhd1 Rhb8 22. Nc2 Ne8 23. Nb4 Nc7 24. Ng1 Bf6 25. Kg3 Kd8 26. Nh3 Be7 27. Nf2 Ne8 28. Rh1 Ng7 29. Rhc1 Kc8 30. Nd1 Kb7 31. Ne3 Rxa1 32. Rxa1 Ra8 33. Rxa8 Kxa8 34. Bd1 Kb7 35. b3 f5 36. gxf5 gxf5 37. exf5 Nxf5+ 38. Nxf5 Bxf5 39. bxc4 bxc4 40. Be2 Kb6 41. Bxc4 Kc5 42. Bf1 Bf6 43. Nd3+ Bxd3 44. Bxd3 Kxd5 45. Kg4 Kc5 46. h5 Bg5 47. c4 Bf4 48. Kf5 Kd4 49. Be2 Ke3 50. Bd1 Kd2 51. Bb3 Kc3 52. Bd1 Kxc4 53. Ke4 d5+ 54. Kf5 d4 55. Ke4 Kc3 56. Be2 Kd2 57. Bd3 Ke1 58. Bc4 Kf2 59. Bd5 Kg3 60. Bf7 Kh4 61. Kd3 Kg3 62. Ke4 Kf2 63. Bc4 Ke1 64. Bb5 Bg3 65. Ba6 Bf4 66. Bb5 Kf2 67. Ba6 d3 68. Bxd3 Kg3 69. Bc4 Kh4 70. Bf7 Kg5 71. Bg6 Bh2 72. Be8 Bf4 73. Bg6 Bh2 74. Be8 Bf4 75. Bg6 1/2-1/2


[Site "https://www.chess.com"]

[Event "Titled Tuesday Blitz January 31 Early 2023"]
[White "Ricaurte Lopez, Juan Carlos"]
[Black "Dilmukhametov, Artur"]
[WhiteFideId "3600327"]
[BlackFideId "24179922"]
[WhiteElo "2226"]
[BlackElo "2276"]
[Result "1-0"]
[Round "06"]
[TimeControl "180+2"]
[Date "2023.01.31"]
[WhiteClock "0:00:08"]
[BlackClock "0:01:08"]

1. e4 e6 2. d4 d5 3. exd5 exd5 4. Nf3 Bd6 5. c4 dxc4 6. Bxc4 Ne7 7. O-O Bg4 8. h3 Bh5 9. Nc3 O-O 10. g4 Bg6 11. Ne5 Bxe5 12. dxe5 Nbc6 13. f4 Qd4+ 14. Qxd4 Nxd4 15. f5 Nexf5 16. gxf5 Bxf5 17. Rf4 c5 18. Nd5 Bxh3 19. Bd2 b5 20. Bf1 Bxf1 21. Raxf1 Ne2+ 22. Kg2 Nxf4+ 23. Bxf4 Rfd8 24. Nc3 a6 25. Ne4 Rd4 26. Nxc5 g6 27. Kf3 Kf8 28. e6 Ke7 29. Bg5+ Ke8 30. exf7+ Kxf7 31. Ke3+ Kg7 32. Kxd4 Rb8 33. Kd5 1-0


[Site "https://www.chess.com"]

[Event "Titled Tuesday Blitz January 31 Early 2023"]
[White "Corredor Castellanos, Camilo"]
[Black "Levine, David"]
[WhiteFideId "4425871"]
[BlackFideId "2011611"]
[WhiteElo "1957"]
[BlackElo "2040"]
[Result "1-0"]
[Round "06"]
[TimeControl "180+2"]
[Date "2023.01.31"]
[WhiteClock "0:01:39"]
[BlackClock "0:00:20"]

1. d4 d5 2. c4 dxc4 3. e4 Nf6 4. Nc3 e5 5. dxe5 Qxd1+ 6. Kxd1 Ng4 7. Ke1 Nxe5 8. f4 Nd3+ 9. Bxd3 cxd3 10. Be3 Nc6 11. Rd1 Nb4 12. a3 Nc2+ 13. Kf2 Nxe3 14. Kxe3 Bg4 15. Nf3 Bc5+ 16. Kxd3 O-O-O+ 17. Kc2 c6 18. h3 Bxf3 19. gxf3 Be3 20. Ne2 Rxd1 21. Rxd1 Rd8 22. Rxd8+ Kxd8 23. Kd3 Bb6 24. e5 g6 25. h4 h5 26. Nd4 Bxd4 27. Kxd4 b6 28. Ke4 Ke7 29. f5 Kd7 30. fxg6 fxg6 31. f4 Ke6 32. Kd4 Kf5 33. Kc4 Ke6 34. b3 Kf5 35. b4 a6 36. a4 Ke6 37. a5 bxa5 38. bxa5 Kf5 39. Kc5 g5 40. fxg5 Kxe5 41. Kxc6 1-0


[Site "https://www.chess.com"]

[Event "Titled Tuesday Blitz January 31 Early 2023"]
[White "Mohammadian, Mohammad"]
[Black "Clawitter, Craig"]
[WhiteFideId "12566055"]
[BlackFideId "2023105"]
[WhiteElo "1398"]
[BlackElo "2050"]
[Result "0-1"]
[Round "06"]
[TimeControl "180+2"]
[Date "2023.01.31"]
[WhiteClock "0:00:36"]
[BlackClock "0:00:19"]

1. e4 e6 2. d4 d5 3. Nd2 Be7 4. e5 c5 5. c3 cxd4 6. cxd4 Nc6 7. Ngf3 Nh6 8. Bd3 Qb6 9. Nb3 Nf5 10. O-O a5 11. a4 Bd7 12. Bxf5 exf5 13. Re1 O-O 14. Bd2 h6 15. Bc3 f4 16. Nbd2 Bf5 17. Nf1 Nd8 18. h3 Ne6 19. N1h2 Rac8 20. Ng4 Bb4 21. Rc1 Rc6 22. Bxb4 Qxb4 23. Rxc6 bxc6 24. b3 Rb8 25. Qc1 Be4 26. Re2 Bxf3 27. gxf3 Nxd4 28. Rb2 Nxf3+ 29. Kg2 Ne1+ 30. Kg1 Nd3 31. Qxc6 Nxb2 32. Qxd5 Qxb3 33. e6 Qxd5 34. exf7+ Qxf7 35. Nxh6+ gxh6 36. Kh2 f3 37. Kg3 Rb4 38. h4 Qf4+ 39. Kh3 Qg4+ 40. Kh2 Qg2# 0-1


[Site "https://www.chess.com"]